 Dungeon Crawl Stone Soup version 0.26.1-2-gb8aa6d0cf2 (webtiles) character file.

Game seed: 10717818374519361435

268 infcreate the Covered (level 6, -2/51 HPs)
             Began as a Barachi Fighter on Mar 28, 2021.
             Slain by an orc
             ... wielding a +0 flail
              (3 damage)
             ... on level 3 of the Dungeon.
             The game lasted 00:13:43 (3199 turns).

infcreate the Covered (Barachi Fighter)             Turns: 3199, Time: 00:13:44

Health: -2/51      AC:  9    Str: 20    XL:     6   Next: 21%
Magic:  6/6        EV:  7    Int:  8    God:
Gold:   151        SH:  9    Dex: 11    Spells: 5/5 levels left

rFire    . . .     SeeInvis .   a - +0 long sword
rCold    . . .     Faith    .   c - +0 kite shield
rNeg     . . .     Spirit   .   b - +0 scale mail
rPois    .         Reflect  .   j - +0 helmet
rElec    .         Harm     .   k - +0 cloak
rCorr    .         Rampage  .   (no gloves)
Will     .....                  (no boots)
Stlth    ..........             (no amulet)
HPRegen  0.17/turn              (no ring)
MPRegen  0.10/turn              (no ring)

@: slow
A: +LOS, swims, slowness 1, strong legs 1
a: Hop


You were on level 3 of the Dungeon.
You visited 1 branch of the dungeon, and saw 3 of its levels.

You collected 151 gold pieces.

Inventory:

Hand Weapons
 a - a +0 long sword (weapon)
Armour
 b - a +0 scale mail (worn)
 c - a +0 kite shield (worn)
 j - a +0 helmet (worn)
 k - a +0 cloak (worn)
Scrolls
 f - 4 scrolls of identify
 i - 2 scrolls of teleportation
 o - a scroll of remove curse {unknown}
Potions
 d - 2 potions of might
 e - a potion of cancellation
 g - a potion of curing
 l - a potion of invisibility {unknown}
 n - a potion of berserk rage {unknown}
 p - a potion of flight {unknown}


   Skills:
 + Level 5.0 Fighting
 + Level 4.3 Long Blades
 + Level 5.1 Armour
 + Level 4.7 Shields


You had 5 spell levels left.
You didn't know any spells.
Your spell library was empty.

Dungeon Overview and Level Annotations

Branches:
Dungeon (3/15)

Altars:


Innate Abilities, Weirdness & Mutations

You can be seen from farther away. (+LOS)
You can swim through water.
You cover ground slowly.
You can hop short distances.


Message History

The orc wizard is almost dead.
The orc wizard hits you with a +0 dagger.
* * * LOW HITPOINT WARNING * * *
You hit the orc wizard.
The orc wizard is almost dead.
The orc wizard gestures at you while chanting.
The puff of frost hits you but does no damage.
You hit the orc wizard.
You kill the orc wizard!
You closely miss the orc. You block the orc's attack.
You barely miss the orc. The orc barely misses you.
You barely miss the orc. The orc barely misses you.
You barely miss the orc. The orc hits you with a +0 flail.
* * * LOW HITPOINT WARNING * * *
You hit the orc.
The orc is almost dead.
The orc hits you with a +0 flail.
* * * LOW HITPOINT WARNING * * *
The orc hits you with a +0 flail.
You die...

# *,*,* *,*#......# #
*,*,* *,*#......#
####.#.##**,*#......#
..........#,*#......#
####.####...##......#
#***,**.o..........#*
.,**,**,**,,*#..o#**
..**,**,***,*#.#o#
..#*,**,* *,*#.#@#
.##*,**,* *,,#.#.# .#
*,**,* *,,#.#.# .# *,**,*
*,,#.#.# .# *,**,*
*,,..#.######### ,* *,**,*
*,*..#.........#
,***,**,***,*..#########.#
,,,,,,,,,,,,*,,* #.#
****,**,#**.#,,*
######.#####


You could see 2 orcs.

Vanquished Creatures
  Crazy Yiuf (D:3)
  An orc priest (D:3)
  An orc wizard (D:3)
  A worker ant (D:3)
  3 gnolls (D:2)
  4 adders
  A worm (D:3)
  2 dart slugs (D:1)
  4 bats
  7 giant cockroaches
  14 goblins
  10 hobgoblins
  7 jackals
  14 kobolds
  A quokka (D:3)
  A ball python (D:2)
  3 frilled lizards
  12 rats
87 creatures vanquished.

Notes
Turn   | Place    | Note
-------+----------+-------------------------------------------
     0 | D:1      | infcreate the Barachi Fighter began the quest for the Orb.
     0 | D:1      | Reached XP level 1. HP: 18/18 MP: 1/1
    34 | D:1      | Reached XP level 2. HP: 8/25 MP: 2/2
   327 | D:1      | Reached XP level 3. HP: 25/30 MP: 3/3
  1425 | D:2      | Reached XP level 4. HP: 37/37 MP: 4/4
  1620 | D:2      | Reached XP level 5. HP: 31/43 MP: 5/5
  2897 | D:3      | Found a runed translucent door.
  2898 | D:3      | Noticed Crazy Yiuf
  2911 | D:3      | Killed Crazy Yiuf
  3191 | D:3      | Reached skill level 5 in Fighting
  3191 | D:3      | Reached skill level 5 in Armour
  3191 | D:3      | Reached XP level 6. HP: 8/51 MP: 6/6
  3199 | D:3      | HP: 1/51 [orc/+0 flail (6)]
  3199 | D:3      | Slain by an orc

Illustrated notes

Levels and vault maps discovered:
D:1:      dpeg_arrival_solitude, layout_loops_corners, minmay_ruptured
D:2:      layout_loops_ring
D:3:      layout_basic, uniq_crazy_yiuf_cottage

Skill      XL: |  1  2  3  4  5 |
---------------+----------------+-----
Fighting       | 4 5 |  5.0
Armour         | 4 5 |  5.1
Long Blades    | 3 4 |  4.3
Shields        | 4 |  4.7

Action                   |  1- 3 |  4- 6 || total
-------------------------+-------+-------++-------
Melee: Long sword        |   147 |   197 ||   344
 Abil: Hop               |       |     1 ||     1
  Use: Potion            |       |     2 ||     2
       Scroll            |       |     5 ||     5
Armor: Scale mail        |    72 |    85 ||   157
Dodge: Dodged            |    49 |    48 ||    97
Block: Kite shield       |   101 |   108 ||   209
       Rpst.: Long sword |    15 |    19 ||    34
